 Dungeon Crawl Stone Soup version 0.21-a0-225-g207ae17 (webtiles) character file.

42 tehllama the Skirmisher (level 3, -3/29 HPs)
             Began as a Demonspawn Abyssal Knight on Aug 28, 2017.
             Was a Follower of Lugonu.
             Slain by a worm (8 damage)
             ... on level 2 of the Dungeon.
             The game lasted 00:02:57 (1487 turns).

tehllama the Skirmisher (Demonspawn Abyssal Knight) Turns: 1487, Time: 00:02:57

Health: -3/29      AC:  4    Str: 13    XL:     3   Next: 33%
Magic:  5/5        EV: 11    Int: 13    God:    Lugonu [*.....]
Gold:   49         SH:  0    Dex: 12    Spells: 2/2 levels left

rFire    . . .     SeeInvis .   a - +1 mace
rCold    . . .     Gourm    .   (no shield)
rNeg     . . .     Faith    .   b - +0 leather armour
rPois    .         Spirit   .   (no helmet)
rElec    .         Reflect  .   (no cloak)
rCorr    .         Harm     .   (no gloves)
MR       .....                  (no boots)
Stlth    +.........             (no amulet)
HPRegen  0.09/turn              (no ring)
MPRegen  0.09/turn              (no ring)

@: no status effects
A: rugged brown scales 1
a: Depart the Abyss, Renounce Religion


You were on level 2 of the Dungeon.
You worshipped Lugonu.
Lugonu was aware of your devotion.
You were not hungry.

You visited 1 branch of the dungeon, and saw 2 of its levels.
You visited the Abyss 1 time.

You collected 49 gold pieces.

Inventory:

Hand Weapons
 a - a +1 mace (weapon)
Armour
 b - a +0 leather armour (worn)
Scrolls
 d - a scroll of blinking {unknown}
 e - 2 scrolls of identify {unknown}
 g - a scroll of recharging {unknown}
 h - a scroll of remove curse {unknown}
 j - a scroll of teleportation {unknown}
Potions
 f - a potion of degeneration {unknown}
 i - 2 potions of mutation {unknown}
Comestibles
 c - 2 bread rations


   Skills:
 + Level 3.5 Fighting
 + Level 1.9 Maces & Flails
 + Level 2.3 Armour
 + Level 1.4 Dodging
 + Level 2.8 Invocations


You had 2 spell levels left.
You didn't know any spells.

Dungeon Overview and Level Annotations

Branches:
Dungeon (2/15)

Altars:
Kikubaaqudgha
Xom


Innate Abilities, Weirdness & Mutations

You are partially covered in rugged brown scales. (AC +1, +3% HP)


Message History

The worm is lightly wounded.
The bat hits you but does no damage. x2; The worm bites you.
The bat hits you but does no damage.
You hit the worm.
The worm is moderately wounded.
The bat hits you. The worm bites you!
You are too injured to fight recklessly!
You hit the worm.
The worm is moderately wounded.
The bat hits you but does no damage. The worm bites you.
* * * LOW HITPOINT WARNING * * *
You hit the worm.
The worm is severely wounded.
The bat barely misses you.
You barely miss the worm.
The worm is severely wounded.
The bat hits you.
* * * LOW HITPOINT WARNING * * *
The worm bites you!
You die...

... #.# #.# #.# #+#####.# .#.#
.......b####### [#.#
.......w....... .#.#
.......@....... .#.#
..#+#+#.#.....................#
########...#####.##### #...#
#+#


You could see a worm and a bat.

Vanquished Creatures
  An adder (D:2)
  An ooze (D:1)
  A dart slug (D:1)
  A leopard gecko (D:1)
  2 giant cockroaches
  3 goblins (D:1)
  3 hobgoblins
  6 kobolds
  A bat (D:1)
  2 frilled lizards (D:1)
  4 rats (D:1)
25 creatures vanquished.

Vanquished Creatures (others)
  A frilled lizard (D:2)
1 creature vanquished.

Grand Total: 26 creatures vanquished

Notes
Turn   | Place    | Note
-------+----------+-------------------------------------------
     0 | Abyss:1  | tehllama the Demonspawn Abyssal Knight began the quest for the Orb.
     0 | Abyss:1  | Reached XP level 1. HP: 18/18 MP: 2/2
    49 | Abyss:1  | Noticed a small abomination
    54 | D:1      | Escaped the Abyss
    79 | D:1      | Reached skill level 1 in Dodging
   544 | D:1      | Gained mutation: You are partially covered in rugged brown scales. (AC +1, +3% HP) [demonic ancestry]
   544 | D:1      | Reached XP level 2. HP: 17/24 MP: 3/3
   591 | D:1      | Reached * piety under Lugonu
  1175 | D:1      | Reached XP level 3. HP: 29/29 MP: 5/5
  1403 | D:2      | Found an ancient bone altar of Kikubaaqudgha.
  1403 | D:2      | Found a shimmering altar of Xom.
  1487 | D:2      | Slain by a worm

Vault maps used:
D:1:      dpeg_arrival_chase
D:2:      gammafunk_temple_overflow_wave, lemuel_flame_loot_1

Skill      XL: |  1 |
---------------+----+-----
Dodging        | 1 |  1.4
Armour         | 2 |  2.3
Fighting       | |  3.5
Maces & Flails | |  1.9
Invocations    | |  2.8

Action                   || total
-------------------------++-------
Melee: Mace              ||    69
Invok: Depart the Abyss  ||     1
  Eat: Chunk             ||     2
Armor: Leather armour    ||    21
Dodge: Dodged            ||    46

Table legend:
 A = Spawn XP
 B = Non-spawn XP
 C = Spawn XP percentage of total XP
 D = Spawn monster count
 E = Non-spawn monster count
 F = Spawn count percentage of total count
 G = Total turns spent on level
                    A         B        C        D         E        F      G
               +---------+---------+-------+---------+---------+-------+---------
         Total |       7 |      53 |  11.7 |       4 |      21 |  16.0 |  1487
               +---------+---------+-------+---------+---------+-------+---------
           D:1 |       7 |      35 |  16.7 |       4 |      17 |  19.0 |  1337
           D:2 |       0 |      18 |   0.0 |       0 |       4 |   0.0 |    96
               +---------+---------+-------+---------+---------+-------+---------
